 Dungeon Crawl Stone Soup version 0.26.1-10-gdfb7c7de75 (webtiles) character file.

Game seed: 1745432254886907881

546 raph the Digger (level 7, -2/36 HPs)
             Began as a Deep Elf Earth Elementalist on Apr 11, 2021.
             Was an Initiate of Vehumet.
             Slain by a wyvern skeleton (13 damage)
             ... on level 4 of the Dungeon.
             The game lasted 00:13:00 (5019 turns).

raph the Digger (Deep Elf Earth Elementalist)       Turns: 5019, Time: 00:13:01

Health: -2/36      AC:  5    Str:  5    XL:     7   Next: 6%
Magic:  14/15      EV: 14    Int: 22    God:    Vehumet [......]
Gold:   171        SH:  0    Dex: 15    Spells: 4/15 levels left

rFire    . . .     SeeInvis .   s - +2 lajatang (elec)
rCold    . . .     Faith    .   (shield currently unavailable)
rNeg     . . .     Spirit   .   c - +0 robe
rPois    .         Reflect  .   m - +1 helmet
rElec    .         Harm     .   d - +0 cloak
rCorr    .         Rampage  .   (no gloves)
Will     .....                  (no boots)
Stlth    +++.......             (no amulet)
HPRegen  0.12/turn              (no ring)
MPRegen  0.14/turn              (no ring)

@: no status effects
A: no striking features
a: Renounce Religion


You were on level 4 of the Dungeon.
You worshipped Vehumet.
Vehumet was noncommittal.
You visited 1 branch of the dungeon, and saw 4 of its levels.

You collected 171 gold pieces.

Inventory:

Hand Weapons
 g - a +0 short sword
 o - a +1 dagger of pain
 s - a +2 lajatang of electrocution (weapon)
Missiles
 b - 102 stones
Armour
 c - a +0 robe (worn)
 d - a +0 cloak (worn)
 m - a +1 helmet (worn)
Wands
 h - a wand of flame (23)
 l - a wand of disintegration (9)
 t - a wand of polymorph (12)
Scrolls
 a - a scroll of teleportation
 e - 2 scrolls of identify
Potions
 f - 3 potions of berserk rage
 i - 2 potions of attraction
 j - a potion of might
 k - a potion of lignification {unknown}
 n - a potion of flight


   Skills:
 - Level 3.9 Dodging
 - Level 4.2 Stealth
 - Level 4.5 Spellcasting
 - Level 1.1 Transmutations
 * Level 7.3 Earth Magic


You had 4 spell levels left.
You knew the following spells:

 Your Spells              Type           Power        Failure   Level
a - Sandblast             Erth           74%          1%          1
b - Passwall              Tmut/Erth      19%          2%          2
c - Stone Arrow           Conj/Erth      42%          7%          3
d - Lee's Rapid Deconstr  Erth           18%          14%         5

Your spell library contained the following spells:

 Spells                   Type           Power        Failure   Level
 Petrify                  Tmut/Erth      23%          19%         4


Dungeon Overview and Level Annotations

Branches:
Dungeon (4/15)
 Temple: D:4-7

Altars:
Makhleb
Okawaru
Vehumet
Wu Jian


Message History

k - a fuming amethyst potion
l - a wand of disintegration (9)
A wyvern skeleton comes into view.
A wyvern skeleton is nearby!
The helpless wyvern skeleton fails to defend itself.
You slash the wyvern skeleton!
The wyvern skeleton is moderately damaged.
The wyvern skeleton bites you!
You hit the wyvern skeleton.
The wyvern skeleton is heavily damaged.
The wyvern skeleton bites you. The wyvern skeleton bites you!
Casting: Sandblast (safe; 1% risk of failure)
Confirm with . or Enter, or press ? or * to list all spells.
Aiming: Sandblast (safe; 1% risk of failure)
Press: ? - help, Shift-Dir - straight line, f - wyvern skeleton
Aim: a wyvern skeleton (heavily damaged, 2% to evade)
The blast of sand hits the wyvern skeleton!!
The wyvern skeleton is almost destroyed.
The wyvern skeleton misses you. The wyvern skeleton bites you!
You die...

##.## #....[<.# #.#.#.#
#...########...#####
#.#.#.# ...............#
#.#.#.# #...###..###...#
#.#..)# ...## #..# #.###
#.#.#.# ##.# #..# #.#
#.#.#.# ...# #..# #.#
#.#.#.. .#.# #..#
#.###### #..#... .#.#
#..# #...Z@.# #.#.#..
.#.####..########.#######
#..^...
.#.#....................#
#####..
.#.#.#...########.####...
#.. .........# #... .>.
##.#.#...# ##### ##..
##.#.##### #.. ...).#
##.###


You could see a wyvern skeleton.

Vanquished Creatures
  Sigmund (D:3)
  An ogre (D:4)
  2 howler monkeys (D:4)
  An orc wizard (D:3)
  Terence (D:3)
  7 adders
  An ooze (D:2)
  2 worms
  5 dart slugs
  A leopard gecko (D:3)
  14 orcs (D:3)
  2 ball pythons (D:2)
  10 bats
  2 giant cockroaches
  11 goblins
  4 hobgoblins
  4 jackals (D:3)
  13 kobolds
  2 quokkas
  5 frilled lizards
  9 rats
98 creatures vanquished.

Notes
Turn   | Place    | Note
-------+----------+-------------------------------------------
     0 | D:1      | raph the Deep Elf Earth Elementalist began the quest for
                  | the Orb.
     0 | D:1      | Reached XP level 1. HP: 10/10 MP: 6/6
   254 | D:1      | Reached XP level 2. HP: 15/15 MP: 6/8
   794 | D:2      | Learned a level 2 spell: Passwall
   803 | D:2      | Reached XP level 3. HP: 16/19 MP: 5/9
  1008 | D:2      | Learned a level 3 spell: Stone Arrow
  1023 | D:2      | Reached skill level 4 in Earth Magic
  1394 | D:2      | Reached XP level 4. HP: 24/24 MP: 8/11
  1996 | D:2      | Found a burning altar of Makhleb.
  2345 | D:2      | Found an ornate altar of the Wu Jian Council.
  2440 | D:3      | Noticed Sigmund
  2518 | D:3      | Killed Sigmund
  2519 | D:3      | Reached skill level 5 in Earth Magic
  2519 | D:3      | Reached XP level 5. HP: 28/28 MP: 8/13
  2535 | D:3      | Reached XP level 6. HP: 32/32 MP: 7/14
  2790 | D:2      | Learned a level 5 spell: Lee's Rapid Deconstruction
  3216 | D:3      | Noticed Terence
  3223 | D:3      | Killed Terence
  3649 | D:3      | Found an iron altar of Okawaru.
  3706 | D:3      | Found a faded altar of an unknown god.
  3729 | D:3      | Reached skill level 6 in Earth Magic
  4815 | D:4      | Found a radiant altar of Vehumet.
  4824 | D:4      | Became a worshipper of Vehumet
  4833 | D:4      | Reached skill level 7 in Earth Magic
  4833 | D:4      | Reached XP level 7. HP: 29/36 MP: 10/15
  5019 | D:4      | Slain by a wyvern skeleton

Illustrated notes

Levels and vault maps discovered:
D:1:      lemuel_arrival_room, layout_loops_ring
D:2:      minmay_alternating_diamond, layout_basic, lemuel_crystal_altar,
          lemuel_crystal_altar, minmay_diced_spiral
D:3:      layout_basic, chequers_ecumenical_altar_simple,
          okawaru_ov_weapons_minmay, uniq_sigmund, uniq_terence
D:4:      layout_loops_ring, vehumet_altar_wand_db,
          chequers_temple_overflow_statue_of_worship

Skill      XL: |  1  2  3  4  5  6 |
---------------+-------------------+-----
Stealth        | 3 4 |  4.2
Earth Magic    | 4 5 7 |  7.3
Dodging        | 3 |  3.9
Spellcasting   | 4 |  4.5
Transmutations | |  1.1

Action                   |  1- 3 |  4- 6 |  7- 9 || total
-------------------------+-------+-------+-------++-------
Melee: Short sword       |       |    12 |       ||    12
       Dagger            |       |    14 |       ||    14
       Lajatang          |       |     5 |     6 ||    11
 Cast: Sandblast         |    41 |    83 |     1 ||   125
       Stone Arrow       |     1 |     1 |       ||     2
  Use: Scroll            |       |    10 |       ||    10
 Stab: Sleeping          |       |     5 |     2 ||     7
Armor: Robe              |     2 |    16 |     1 ||    19
Dodge: Dodged            |     8 |    41 |     3 ||    52
